 Dungeon Crawl Stone Soup version 0.18-a0-1017-gae0b928 (webtiles) character file.

63 sugabear the Cudgeler (level 4, -2/23 HPs)
             Began as a Vine Stalker Gladiator on Jan 7, 2016.
             Killed from afar by Natasha (7 damage)
             ... with a wand of frost
             ... on level 2 of the Dungeon.
             The game lasted 00:01:17 (878 turns).

sugabear the Cudgeler (Vine Stalker Gladiator)       Turns: 878, Time: 00:01:17

Health: -2/23      AC:  4    Str: 19    XL:     4   Next: 9%
Magic:  0/5        EV: 13    Int:  8    God:
Gold:   46         SH:  0    Dex: 14    Spells: 0 memorised, 3 levels left

rFire  . . .     SeeInvis .     a - +0 flail
rCold  . . .     Gourm    .     b - +0 leather armour
rNeg   . . .     Faith    .     (no shield)
rPois  .         Spirit   +     c - +0 helmet
rElec  .         Dismiss  .     (no cloak)
rCorr  .         Reflect  .     (no gloves)
SustAt .         Harm     .     (no boots)
MR     .....                    (no amulet)
Stlth  +.........               (no ring)
                                (no ring)

@: not resistant to hostile enchantments, very unstealthy
A: fangs 2, regeneration 1, magic shield, antimagic bite, no device heal 3, rot
immunity
a: no special abilities


You were on level 2 of the Dungeon.
You were not hungry.

You visited 1 branch of the dungeon, and saw 2 of its levels.

You collected 46 gold pieces.

Inventory:

Hand Weapons
 a - a +0 flail (weapon)
Missiles
 d - 3 throwing nets (quivered)
Armour
 b - a +0 leather armour (worn)
 c - a +0 helmet (worn)
Scrolls
 e - 3 scrolls of identify {unknown}
 i - a scroll of immolation {unknown}
 o - a scroll of amnesia {unknown}
 q - a scroll of teleportation {unknown}
 s - 2 scrolls of blinking {unknown}
 v - a scroll of fog {unknown}
Potions
 g - a potion of curing {unknown}
 h - 2 potions of heal wounds {unknown}
 j - a potion of agility
 l - 2 potions of haste {unknown}
 m - a potion of flight {unknown}
 p - a potion of invisibility {unknown}
 t - a potion of brilliance {unknown}
Comestibles
 f - 3 bread rations
 k - a meat ration
 n - a beef jerky
 r - 3 chunks of flesh
 u - 5 fruits


   Skills:
 + Level 2.1 Fighting
 + Level 3.3 Maces & Flails
 + Level 1.8 Throwing
 + Level 0.1 Armour
 + Level 3.2 Dodging
 + Level 0.3 Stealth


You had 3 spell levels left.
You didn't know any spells.

Dungeon Overview and Level Annotations

Branches:
Dungeon (2/15)

Altars:
Gozag
Kikubaaqudgha
Okawaru

Annotations:
D:2 Natasha


Innate Abilities, Weirdness & Mutations

You have extremely sharp teeth.
Your natural rate of healing is unusually fast.
When hurt, damage is shared between your health and your magic reserves.
Your bite disrupts and absorbs the magic of your enemies.
Potions and wands cannot restore your health.
You are immune to rotting.


Message History

You hit Natasha but do no damage.
Natasha zaps a wand.
The puff of frost hits you!
It is a wand of frost.
You miss Natasha. You bite Natasha.
Natasha's magic leaks into the air.
You drain her magic.
You feel invigorated.
Natasha is lightly wounded.
Natasha zaps a wand.
The puff of frost misses you.
You closely miss Natasha. You bite Natasha, but do no damage.
Natasha is lightly wounded.
Natasha claws you but does no damage.
You closely miss Natasha. You bite Natasha.
Natasha's magic leaks into the air.
You drain her magic.
You feel invigorated.
Natasha is moderately wounded.
Natasha mumbles some strange words.
Natasha's fingertips start to glow.
Natasha zaps a wand.
The puff of frost hits you!
* * * LOW HITPOINT WARNING * * *
You miss Natasha.
Natasha is moderately wounded.
Natasha zaps a wand.
The puff of frost hits you!
You die...

..... .# ...
##..######.#
##........#.##
#.[.#####.#..#####
#....#..l.#......#
#....#.####.#....#
###...........#....#
......h@...........#
####........###†...#
###......###....#####
#..................
#.......###########
#####.......# ###
....?.......# #..
............# #.#
.....l.....# #..


You could see Natasha.

Vanquished Creatures
  Natasha (D:2)
  2 oozes
  A giant gecko (D:2)
  5 goblins (D:1)
  2 hobgoblins
  3 jackals (D:2)
  5 bats
  3 giant newts
  3 kobolds (D:1)
  7 rats
32 creatures vanquished.

Notes
Turn   | Place    | Note
--------------------------------------------------------------
     0 | D:1      | sugabear the Vine Stalker Gladiator began the quest for the Orb.
     0 | D:1      | Reached XP level 1. HP: 11/11 MP: 2/2
   110 | D:1      | Reached XP level 2. HP: 15/15 MP: 1/3
   242 | D:1      | Reached skill level 3 in Maces & Flails
   617 | D:2      | Found an iron altar of Okawaru.
   617 | D:2      | Noticed Natasha
   670 | D:2      | Reached XP level 3. HP: 16/18 MP: 2/4
   766 | D:2      | Found an opulent altar of Gozag.
   767 | D:2      | Found an ancient bone altar of Kikubaaqudgha.
   774 | D:2      | Killed Natasha
   805 | D:2      | Reached XP level 4. HP: 20/23 MP: 5/5
   869 | D:2      | Noticed Natasha
   878 | D:2      | Killed from afar by Natasha

Vault maps used:
D:1:      scummos_arrival_simple_crosswalls
D:2:      grunt_temple_overflow_open, serial_co_window_serial,
          co_window_paths_a, co_window_of_opportunity_a, co_window_paths_a,
          co_window_of_opportunity_a, co_window_paths_a, co_window_corner_ca,
          co_window_unsneaky_path_e, co_window_2corner, co_window_broadway_b,
          glass_columns_b, grunt_decor_one_mirror, uniq_robin, uniq_natasha

Action                   |  1- 3 |  4- 6 || total
-------------------------+-------+-------++-------
Melee: Flail             |    76 |     8 ||    84
 Stab: Sleeping          |     1 |       ||     1
